 Dungeon Crawl Stone Soup version 0.23.0-42-geed6394 (webtiles) character file.

Game seed: 0

59 Scud the Grasshopper (level 3, -2/18 HPs)
             Began as a Spriggan Warper on Feb 27, 2019.
             Killed by divine providence
             ... invoked by an orc priest
              (10 damage)
             ... on level 3 of the Dungeon on Feb 28, 2019.
             The game lasted 00:10:55 (1768 turns).

Scud the Grasshopper (Spriggan Warper)              Turns: 1768, Time: 00:10:55

Health: -2/18      AC:  2    Str:  7    XL:     3   Next: 78%
Magic:  8/8        EV: 19    Int: 14    God:
Gold:   114        SH:  0    Dex: 16    Spells: 6/8 levels left

rFire    . . .     SeeInvis +   h - +0 hunting sling
rCold    . . .     Gourm    .   (shield restricted)
rNeg     . . .     Faith    .   b - +0 robe
rPois    .         Spirit   .   (helmet restricted)
rElec    .         Reflect  .   (no cloak)
rCorr    .         Harm     .   (gloves unavailable)
MR       .....                  (boots unavailable)
Stlth    ++........             (no amulet)
HPRegen  0.06/turn              (no ring)
MPRegen  0.11/turn              (no ring)

@: very quick
A: very small, unfitting armour, see invisible, herbivore, speed 3, slow
metabolism 2
a: no special abilities


You were on level 3 of the Dungeon.
You were not hungry.

You visited 1 branch of the dungeon, and saw 3 of its levels.

You collected 114 gold pieces.

Inventory:

Hand Weapons
 a - a +0 short sword
 h - a +0 hunting sling (weapon)
Missiles
 c - 88 stones (quivered)
 e - 5 tomahawks of dispersal
Armour
 b - a +0 robe (worn)
Scrolls
 i - 2 scrolls of immolation {unknown}
 j - a scroll of amnesia {unknown}
 k - a scroll of fear {unknown}
 o - a scroll of enchant armour {unknown}
Potions
 g - a potion of curing {unknown}
 l - 2 potions of brilliance {unknown}
 m - a potion of heal wounds {unknown}
 n - a potion of degeneration {unknown}
Comestibles
 f - 4 rations


   Skills:
 + Level 1.7 Fighting
 + Level 2.6 Short Blades
 + Level 2.4(2.7) Slings
 - Level 1.2(1.8) Throwing
 + Level 4.0 Dodging
 + Level 1.1 Stealth
 + Level 3.1 Spellcasting
 + Level 4.4 Translocations


You had 6 spell levels left.
You knew the following spells:

 Your Spells              Type           Power        Failure   Level  Hunger
a - Blink                 Tloc           N/A          5%          2    ##.....

Your spell library contained the following spells:

 Spells                   Type           Power        Failure   Level  Hunger
 Gell's Gravitas          Tloc           ##........   11%         3    ###....
 Lesser Beckoning         Tloc           ##........   11%         3    ###....
 Teleport Other           Tloc           ##......     11%         3    ###....
 Shroud of Golubria       Chrm/Tloc      #.........   13%         2    ##.....
 Passage of Golubria      Tloc           N/A          34%         4    #####..


Dungeon Overview and Level Annotations

Branches:
Dungeon (3/15)

Altars:
Okawaru


Innate Abilities, Weirdness & Mutations

You are very small and have problems with some larger weapons.
You are too small for most types of armour.
You have supernaturally acute eyesight. (SInv)
You are a herbivore.
You cover ground extremely quickly.
You need to consume almost no food.


Message History

Press: ? - help, Shift-Dir - straight line, f/p - orc
Aim: an orc, wielding a +2 hand axe of chopping (heavily wounded)
You shoot a stone. The stone hits the orc.
You kill the orc!
You start resting.
The orc priest is too close now for your liking.
Firing (i - inventory. (/) - cycle)
c - 90 stones (quivered)
Press: ? - help, Shift-Dir - straight line, f - orc priest
Aim: an orc priest, wielding a +0 hand axe You shoot a stone.
The stone hits the orc priest but does no damage.
Firing (i - inventory. (/) - cycle)
c - 89 stones (quivered)
Press: ? - help, Shift-Dir - straight line, f/p - orc priest
Aim: an orc priest, wielding a +0 hand axe You shoot a stone.
The stone hits the orc priest.
The orc priest is lightly wounded.
The orc priest calls down the wrath of Beogh upon you.
Beogh smites you!
Ouch! That really hurt!
You die...

#o# #.# #.# ### #.#
#.. #.# #.#
#.###### #.# ##.##
#..((o.###.##...)..
#####........#
######@##.##.#
#<......# #########


You could see an orc priest.

Vanquished Creatures
  2 adders (D:2)
  2 dart slugs (D:2)
  A leopard gecko (D:3)
  An orc (D:3)
  A giant cockroach (D:2)
  A goblin (D:2)
  6 hobgoblins
  4 jackals (D:2)
  5 kobolds
  6 bats
  2 frilled lizards
  3 rats (D:1)
34 creatures vanquished.

Notes
Turn   | Place    | Note
-------+----------+-------------------------------------------
     0 | D:1      | Scud the Spriggan Warper began the quest for the Orb.
     0 | D:1      | Reached XP level 1. HP: 10/10 MP: 5/5
   209 | D:1      | Upgraded the game from 0.23.0-38-g208d714 to
                  | 0.23.0-42-geed6394
   382 | D:1      | Reached XP level 2. HP: 14/14 MP: 7/7
   765 | D:2      | Reached skill level 1 in Slings
   765 | D:2      | Reached skill level 1 in Stealth
   765 | D:2      | Reached XP level 3. HP: 14/18 MP: 8/8
  1049 | D:2      | Found an iron altar of Okawaru.
  1309 | D:2      | Learned a level 2 spell: Blink
  1723 | D:3      | Noticed an air elemental
  1768 | D:3      | Killed from afar by an orc priest

Skill      XL: |  1  2  3 |
---------------+----------+-----
Spellcasting   | 3 |  3.1
Slings         | 1 2 |  2.4
Dodging        | 4 |  4.0
Stealth        | 1 |  1.1
Fighting       | |  1.7
Short Blades   | |  2.6
Throwing       | |  1.2
Translocations | |  4.4

Action                   || total
-------------------------++-------
Melee: Short sword       ||    38
 Fire: Hunting sling     ||   128
Throw: Stone             ||    25
 Cast: Blink             ||     2
  Use: Scroll            ||     1
Armor: Robe              ||    11
Dodge: Dodged            ||   109
